WCHLSIM.com - West Coast Hockey League
html PUBLIC "-//W3C//DTD XHTML 1.0 Transitional//EN" "http://www.w3.org/TR/xhtml1/DTD/xhtml1-transitional.dtd"> WCHL - Game 149 - RENO LIONS vs COLORADO GLACIERCATS

RENO LIONS vs COLORADO GLACIERCATS

Created - 3 novembre 2023 at 22:47

Goals
1 2 3 T
RENO LIONS 1 0 1 2
COLORADO GLACIERCATS 2 1 2 5
Shots
1 2 3 T
RENO LIONS 11 15 6 32
COLORADO GLACIERCATS 17 8 13 38

1st period

1. RENO LIONS , Steven Stamkos 8 (Elias Pettersson 10) at 0:14
2. COLORADO GLACIERCATS , Leon Draisaitl 4 (Tage Thompson 6) at 5:44
3. COLORADO GLACIERCATS , Leon Draisaitl 5 (Tage Thompson 7, Jamie Benn 4) at 15:05

Penalties :
Juuso Valimaki (REN) for Roughing (Minor) at 1:22, Jamie Benn (COL) for Roughing (Minor) at 7:53, Patrick Brown (REN) for Slashing (Minor) at 10:52, Marcus Foligno (REN) for Tripping (Minor) at 18:00

2nd period

4. COLORADO GLACIERCATS , Kristopher Letang 3 (Tomas Hertl 8, Bryan Rust 7) at 13:47

Penalties :
Oliver Ekman-Larsson (REN) for Roughing (Minor) at 15:15

3rd period

5. RENO LIONS , Elias Pettersson 5 (Mattias Samuelsson 2) at 8:08
6. COLORADO GLACIERCATS , Leon Draisaitl 6 (Tage Thompson 8, Kristopher Letang 5) at 10:24
7. COLORADO GLACIERCATS , Alexander Wennberg 1 (Nino Niederreiter 1, Kristopher Letang 6) at 11:46

Penalties :
Marcus Foligno (REN) for Boarding (Minor) at 12:54

Goalie Stats

Stuart Skinner (REN), 33 saves from 38 shots - (0,868), L, 5-4-0, 60:00 minutes
Andrei Vasilevskiy (COL), 30 saves from 32 shots - (0,938), W, 8-0-1, 60:00 minutes

Players Stats for RENO LIONS

Player Name              G  A  P  +/- PIM S  H  SB GA TA FO     MP     PP MP  PK MP  
------------------------------------------------------------------------------------
Alex Steeves             0  0  0  -1  0   0  1  0  0  0  1/4     4:55   0:00   0:09 
Andreas Johnsson         0  0  0  -1  0   0  0  0  0  0  0/0     4:46   0:00   0:00 
Brady Skjei              0  0  0  -1  0   1  1  2  0  0  0/0    24:31   1:22   5:19 
Elias Pettersson         1  1  2   0  0   4  0  0  0  0  1/3    18:30   1:22   0:00 
Ethan Bear               0  0  0  -2  0   0  0  4  0  0  0/0    18:14   0:00   4:36 
Ilya Mikheyev            0  0  0   0  0   2  0  1  0  0  0/0    14:54   0:37   0:00 
Jack Roslovic            0  0  0   0  0   3  1  1  0  0  1/1    18:36   0:37   3:42 
Justin Schultz           0  0  0  -1  0   0  1  1  0  0  0/0    20:17   1:22   0:32 
Juuso Valimaki           0  0  0  -2  2   1  2  3  0  0  0/0    17:50   0:37   3:36 
Kirill Kaprizov          0  0  0   0  0   7  1  0  0  0  1/2    22:15   1:22   3:45 
Marcus Foligno           0  0  0  -2  4   3  3  0  0  0  1/1    14:59   0:00   3:06 
Marian Studenic          0  0  0  -1  0   0  0  0  0  0  0/0     4:46   0:00   0:00 
Mattias Samuelsson       0  1  1   0  0   2  0  2  0  0  0/0    21:24   0:00   5:19 
Nicholas Ritchie         0  0  0  -2  0   2  0  0  0  0  0/0    11:55   0:00   0:00 
Nick Bjugstad            0  0  0   0  0   1  2  1  0  0  15/29  20:58   0:37   6:04 
Oliver Ekman-Larsson     0  0  0   0  2   0  2  1  0  0  0/0    17:42   0:37   0:28 
Patrick Brown            0  0  0  -2  2   0  0  0  0  0  12/21  14:09   0:00   2:15 
Steven Stamkos           1  0  1   0  0   6  1  0  0  0  18/29  19:19   1:22   0:49 

Players Stats for COLORADO GLACIERCATS

Player Name              G  A  P  +/- PIM S  H  SB GA TA FO     MP     PP MP  PK MP  
------------------------------------------------------------------------------------
Adam Ruzicka             0  0  0   0  0   0  0  0  0  0  1/3     1:55   0:00   0:00 
Alexander Wennberg       1  0  1   1  0   3  1  0  0  0  7/16   13:45   0:00   1:10 
Blake Wheeler            0  0  0   0  0   4  1  0  0  0  1/3    20:53   5:02   0:00 
Bryan Rust               0  1  1   0  0   2  1  0  0  0  0/2    22:03   5:02   1:10 
Cole Perfetti            0  0  0   1  0   1  0  0  0  0  0/0    12:35   0:00   0:00 
Devon Toews              0  0  0   4  0   1  0  2  0  0  0/0    23:18   4:05   1:10 
Dylan Samberg            0  0  0   0  0   0  2  1  0  0  0/0    11:17   0:00   0:00 
Jamie Benn               0  1  1   2  2   3  6  1  0  0  1/1    22:37   4:53   0:00 
Kristopher Letang        1  2  3   4  0   1  1  2  0  0  0/0    25:43   5:50   0:49 
Leon Draisaitl           3  0  3   2  0   4  0  0  0  0  1/1    22:38   4:53   0:00 
Mario Ferraro            0  0  0   0  0   2  1  1  0  0  0/0    12:42   0:00   1:10 
Matt Martin              0  0  0   0  0   0  1  0  0  0  0/0     1:55   0:00   0:00 
Nino Niederreiter        0  1  1   1  0   4  1  0  0  0  0/0    12:35   0:00   0:00 
Sam Lafferty             0  0  0   0  0   0  0  0  0  0  0/1     2:44   0:00   0:49 
Tage Thompson            0  3  3   2  0   6  1  0  0  0  13/34  22:38   4:53   0:00 
Tomas Hertl              0  1  1   0  0   4  0  0  0  0  16/29  21:42   5:02   0:49 
Vince Dunn               0  0  0  -1  0   1  0  0  0  0  0/0    24:36   5:50   0:00 
Vladislav Gavrikov       0  0  0  -1  0   2  1  3  0  0  0/0    22:24   4:05   0:49 

3 Stars

1 - Leon Draisaitl (COL)
2 - Kristopher Letang (COL)
3 - Tage Thompson (COL)

Power Play

RENO LIONS - 0 on 1 Attempt(s) - 0,00%
COLORADO GLACIERCATS - 0 on 5 Attempt(s) - 0,00%

Penalty Kill

RENO LIONS - 5 on 5 Attempt(s) - 100,00% - Score 0 goal in Penalty Kill
COLORADO GLACIERCATS - 1 on 1 Attempt(s) - 100,00% - Score 0 goal in Penalty Kill

Team Stat

RENO LIONS - Hits : 15 - Faceoff Wins : 50 - Blocked Shots : 16 - Penalty Minutes : 10
COLORADO GLACIERCATS - Hits : 17 - Faceoff Wins : 40 - Blocked Shots : 10 - Penalty Minutes : 2

Official

Referees : Brandon Blandina and Graham Skilliter
Linesman : Tony Sericolo and James Tobias

Game Notes

Leon Draisaitl has scored a Hat Trick!

Finance

Level 1 -- Attendance: 8129 (93,44%) -- Ticket Income 1 300 640 $
Level 2 -- Attendance: 5330 (88,83%) -- Ticket Income 639 600 $
Level 3 -- Attendance: 3000 (100,00%) -- Ticket Income 270 000 $
Level 4 -- Attendance: 4612 (92,24%) -- Ticket Income 322 840 $
Luxury Box -- Attendance: 1328 (83,00%) -- Ticket Income 365 200 $
Game was played at the GC Place.
Total Attendance: 22399 (92,18%)
Total Ticket Income: 2 898 280 $
Other Expense: 28 983 $
Total Income: 2 869 297 $

RENO LIONS

5 vs 5 Forward 
   Center                   Left Wing                Right Wing               Time % Phy DF OF 
 1 Steven Stamkos           Kirill Kaprizov          Elias Pettersson         35     0   1  4  
 2 Nick Bjugstad            Ilya Mikheyev            Jack Roslovic            30     0   2  3  
 3 Patrick Brown            Nicholas Ritchie         Marcus Foligno           25     1   3  1  
 4 Alex Steeves             Marian Studenic          Andreas Johnsson         10     2   3  0  

5 vs 5 Defense 
   Defense                  Defense                                           Time % Phy DF OF 
 1 Brady Skjei              Justin Schultz                                    35     1   2  2  
 2 Mattias Samuelsson       Oliver Ekman-Larsson                              32     1   2  2  
 3 Juuso Valimaki           Ethan Bear                                        23     1   2  2  
 4 Brady Skjei              Justin Schultz                                    10     1   2  2  

PowerPlay Forward 
   Center                   Left Wing                Right Wing               Time % Phy DF OF 
 1 Steven Stamkos           Kirill Kaprizov          Elias Pettersson         65     0   0  5  
 2 Nick Bjugstad            Ilya Mikheyev            Jack Roslovic            35     0   0  5  

PowerPlay Defense
   Defense                  Defense                                           Time % Phy DF OF 
 1 Justin Schultz           Brady Skjei                                       60     1   2  2  
 2 Juuso Valimaki           Oliver Ekman-Larsson                              40     1   2  2  

Penalty Kill 4 Players Forward 
   Center                   Wing                     Time % Phy DF OF 
 1 Nick Bjugstad            Marcus Foligno           55     1   3  1  
 2 Patrick Brown            Jack Roslovic            45     1   3  1  

Penalty Kill 4 Players Defense
   Defense                  Defense                  Time % Phy DF OF 
 1 Mattias Samuelsson       Brady Skjei              55     1   3  1  
 2 Ethan Bear               Juuso Valimaki           45     1   3  1  

Penalty Kill - 3 Players Forward 
   Forward                                           Time % Phy DF OF 
 1 Jack Roslovic                                     55     1   4  0  
 2 Elias Pettersson                                  45     1   4  0  

Penalty Kill - 3 Players Defense
   Defense                  Defense                  Time % Phy DF OF 
 1 Mattias Samuelsson       Brady Skjei              55     1   4  0  
 2 Ethan Bear               Juuso Valimaki           45     1   4  0  

4 vs 4 Forward 
   Center                   Wing                     Time % Phy DF OF 
 1 Elias Pettersson         Jack Roslovic            55     1   2  2  
 2 Steven Stamkos           Kirill Kaprizov          45     1   2  2  

4 vs 4 Defense
   Defense                  Defense                  Time % Phy DF OF 
 1 Ethan Bear               Mattias Samuelsson       55     1   2  2  
 2 Justin Schultz           Oliver Ekman-Larsson     45     1   2  2  

Last Minutes Offensive
   Center                   Left Wing                Right Wing               Defense                  Defense                  
   Steven Stamkos           Kirill Kaprizov          Elias Pettersson         Justin Schultz           Brady Skjei              

Last Minutes Defensive
   Center                   Left Wing                Right Wing               Defense                  Defense                  
   Steven Stamkos           Elias Pettersson         Jack Roslovic            Mattias Samuelsson       Brady Skjei              

Goaltenders
Starting : Stuart Skinner           
Backup : Elvis Merzlikins         

Extra Forwards
Normal : Andreas Johnsson, Alex Steeves, Steven Stamkos - PP : Nick Bjugstad, Marcus Foligno - PK : Kirill Kaprizov
Extra Defensemen
Normal : Justin Schultz, Oliver Ekman-Larsson, Brady Skjei - PP : Ethan Bear - PK : Oliver Ekman-Larsson, Justin Schultz
Penalty Shots
Kirill Kaprizov, Elias Pettersson, Steven Stamkos, Ilya Mikheyev, Nick Bjugstad
Custom OT Lines Forwards
Steven Stamkos, Elias Pettersson, Kirill Kaprizov, Jack Roslovic, Nick Bjugstad, Ilya Mikheyev, Marcus Foligno, Nicholas Ritchie, Patrick Brown, Marian Studenic
Custom OT Lines Defensemen
Brady Skjei, Justin Schultz, Mattias Samuelsson, Oliver Ekman-Larsson, Ethan Bear

Scratches
Pierre-Luc Dubois (Separated Right Shoulder Injury)

COLORADO GLACIERCATS

5 vs 5 Forward 
   Center                   Left Wing                Right Wing               Time % Phy DF OF 
 1 Tage Thompson            Jamie Benn               Leon Draisaitl           35     0   1  4  
 2 Tomas Hertl              Bryan Rust               Blake Wheeler            33     0   2  3  
 3 Alexander Wennberg       Cole Perfetti            Nino Niederreiter        27     0   2  3  
 4 Adam Ruzicka             Sam Lafferty             Matt Martin              5      1   3  1  

5 vs 5 Defense 
   Defense                  Defense                                           Time % Phy DF OF 
 1 Kristopher Letang        Devon Toews                                       40     0   2  3  
 2 Vladislav Gavrikov       Vince Dunn                                        36     0   2  3  
 3 Mario Ferraro            Dylan Samberg                                     20     1   3  1  
 4 Kristopher Letang        Vince Dunn                                        4      0   1  4  

PowerPlay Forward 
   Center                   Left Wing                Right Wing               Time % Phy DF OF 
 1 Tage Thompson            Jamie Benn               Leon Draisaitl           50     1   0  4  
 2 Tomas Hertl              Bryan Rust               Blake Wheeler            50     0   0  5  

PowerPlay Defense
   Defense                  Defense                                           Time % Phy DF OF 
 1 Kristopher Letang        Vince Dunn                                        50     0   0  5  
 2 Devon Toews              Vladislav Gavrikov                                50     0   0  5  

Penalty Kill 4 Players Forward 
   Center                   Wing                     Time % Phy DF OF 
 1 Alexander Wennberg       Bryan Rust               50     0   5  0  
 2 Tomas Hertl              Sam Lafferty             50     0   5  0  

Penalty Kill 4 Players Defense
   Defense                  Defense                  Time % Phy DF OF 
 1 Vladislav Gavrikov       Kristopher Letang        50     0   5  0  
 2 Devon Toews              Mario Ferraro            50     0   5  0  

Penalty Kill - 3 Players Forward 
   Forward                                           Time % Phy DF OF 
 1 Tomas Hertl                                       50     0   5  0  
 2 Alexander Wennberg                                50     0   5  0  

Penalty Kill - 3 Players Defense
   Defense                  Defense                  Time % Phy DF OF 
 1 Vladislav Gavrikov       Kristopher Letang        50     0   5  0  
 2 Devon Toews              Mario Ferraro            50     0   5  0  

4 vs 4 Forward 
   Center                   Wing                     Time % Phy DF OF 
 1 Tage Thompson            Jamie Benn               50     0   1  4  
 2 Leon Draisaitl           Tomas Hertl              50     0   1  4  

4 vs 4 Defense
   Defense                  Defense                  Time % Phy DF OF 
 1 Kristopher Letang        Vladislav Gavrikov       45     0   3  2  
 2 Devon Toews              Vince Dunn               55     0   3  2  

Last Minutes Offensive
   Center                   Left Wing                Right Wing               Defense                  Defense                  
   Tomas Hertl              Leon Draisaitl           Tage Thompson            Kristopher Letang        Devon Toews              

Last Minutes Defensive
   Center                   Left Wing                Right Wing               Defense                  Defense                  
   Alexander Wennberg       Tomas Hertl              Leon Draisaitl           Vince Dunn               Kristopher Letang        

Goaltenders
Starting : Andrei Vasilevskiy       
Backup : Pheonix Copley           

Extra Forwards
Normal : Leon Draisaitl, Tage Thompson, Blake Wheeler - PP : Alexander Wennberg, Nino Niederreiter - PK : Jamie Benn
Extra Defensemen
Normal : Vince Dunn, Mario Ferraro, Dylan Samberg - PP : Vince Dunn - PK : Devon Toews, Vladislav Gavrikov
Penalty Shots
Leon Draisaitl, Tage Thompson, Tomas Hertl, Blake Wheeler, Jamie Benn
Custom OT Lines Forwards
Leon Draisaitl, Tage Thompson, Tomas Hertl, Blake Wheeler, Jamie Benn, Bryan Rust, Nino Niederreiter, Cole Perfetti, Adam Ruzicka, Sam Lafferty
Custom OT Lines Defensemen
Kristopher Letang, Devon Toews, Vince Dunn, Mario Ferraro, Vladislav Gavrikov

Scratches
None


% Time on Ice - RENO LIONS

Lines # - Real PCT - Wanted PCT - Time Play
Normal Forward
1 - 36% - 35% - 17:08
2 - 30% - 30% - 14:17
3 - 25% - 25% - 11:55
4 - 10% - 10% - 4:46
Normal Defense
1 - 34% - 35% - 16:26
2 - 33% - 32% - 16:05
3 - 28% - 23% - 13:38
4 - 4% - 10% - 1:57
PP Forward
1 - 69% - 65% - 1:22
2 - 31% - 35% - 0:37
PP Defense
1 - 69% - 60% - 1:22
2 - 31% - 40% - 0:37
PK Forward
1 - 63% - 55% - 6:13
2 - 37% - 45% - 3:42
PK Defense
1 - 54% - 55% - 5:19
2 - 46% - 45% - 4:36
PK3 Forward
1 - 0% - 55%
2 - 0% - 45%
PK3 Defense
1 - 0% - 55%
2 - 0% - 45%
44 Forward
1 - 0% - 55%
2 - 0% - 45%
44 Defense
1 - 0% - 55%
2 - 0% - 45%
Last Minute Offensive  - 0:00
Last Minute Defensive  - 0:00
Total
Forward - 60:00
Defense - 60:00

% Time on Ice - COLORADO GLACIERCATS

Lines # - Real PCT - Wanted PCT - Time Play
Normal Forward
1 - 37% - 35% - 17:45
2 - 33% - 33% - 15:51
3 - 26% - 27% - 12:35
4 - 4% - 5% - 1:55
Normal Defense
1 - 38% - 40% - 18:03
2 - 36% - 36% - 17:30
3 - 23% - 20% - 11:17
4 - 3% - 4% - 1:16
PP Forward
1 - 49% - 50% - 4:53
2 - 51% - 50% - 5:02
PP Defense
1 - 59% - 50% - 5:50
2 - 41% - 50% - 4:05
PK Forward
1 - 59% - 50% - 1:10
2 - 41% - 50% - 0:49
PK Defense
1 - 41% - 50% - 0:49
2 - 59% - 50% - 1:10
PK3 Forward
1 - 0% - 50%
2 - 0% - 50%
PK3 Defense
1 - 0% - 50%
2 - 0% - 50%
44 Forward
1 - 0% - 50%
2 - 0% - 50%
44 Defense
1 - 0% - 45%
2 - 0% - 55%
Last Minute Offensive  - 0:00
Last Minute Defensive  - 0:00
Total
Forward - 60:00
Defense - 60:00

Play-by-Play

1st period


0:01 of 1st period - Steven Stamkos wins face-off versus Tage Thompson in neutral zone.
0:10 of 1st period - Shot by Elias Pettersson.
0:10 of 1st period - Shot Blocked by Devon Toews.
0:12 of 1st period - Shot by Elias Pettersson.
0:12 of 1st period - Shot Blocked by Jamie Benn.
0:14 of 1st period - Shot by Steven Stamkos.
0:14 of 1st period - Goal by Steven Stamkos - RENO LIONS : 1 - COLORADO GLACIERCATS : 0.
0:15 of 1st period - Jack Roslovic wins face-off versus Bryan Rust in neutral zone.
0:37 of 1st period - Shot by Jack Roslovic.
0:37 of 1st period - Shot Misses the Net.
0:45 of 1st period - Shot by Jack Roslovic.
0:45 of 1st period - Stopped by Andrei Vasilevskiy without a rebound.
0:46 of 1st period - Patrick Brown wins face-off versus Alexander Wennberg in COLORADO GLACIERCATS zone.
0:58 of 1st period - Alexander Wennberg is hit by Juuso Valimaki and loses puck.
1:02 of 1st period - Alexander Wennberg is hit by Juuso Valimaki and loses puck.
1:07 of 1st period - Shot by Nino Niederreiter.
1:07 of 1st period - Deflect By Cole Perfetti.
1:07 of 1st period - Stopped by Stuart Skinner with a rebound.
1:09 of 1st period - Shot by Mario Ferraro.
1:09 of 1st period - Stopped by Stuart Skinner with a rebound.
1:11 of 1st period - Shot by Mario Ferraro.
1:11 of 1st period - Shot Blocked by Ethan Bear.
1:13 of 1st period - Shot by Mario Ferraro.
1:13 of 1st period - Shot Misses the Net.
1:15 of 1st period - Shot by Mario Ferraro.
1:15 of 1st period - Shot Blocked by Juuso Valimaki.
1:17 of 1st period - Shot by Alexander Wennberg.
1:17 of 1st period - Shot Blocked by Juuso Valimaki.
1:19 of 1st period - Shot by Alexander Wennberg.
1:19 of 1st period - Shot Misses the Net.
1:21 of 1st period - Shot by Alexander Wennberg.
1:21 of 1st period - Shot Misses the Net.
1:22 of 1st period - Minor Penalty to Juuso Valimaki for Roughing.
1:23 of 1st period - Tage Thompson wins face-off versus Nick Bjugstad in RENO LIONS zone.
1:34 of 1st period - Shot by Tage Thompson.
1:34 of 1st period - Shot Misses the Net.
2:59 of 1st period - Shot by Devon Toews.
2:59 of 1st period - Shot Misses the Net.
3:51 of 1st period - Shot by Nino Niederreiter.
3:51 of 1st period - Shot Misses the Net.
4:06 of 1st period - Shot by Nino Niederreiter.
4:06 of 1st period - Deflect By Alexander Wennberg.
4:06 of 1st period - Shot Misses the Net.
5:22 of 1st period - Off-side.
5:23 of 1st period - Nick Bjugstad wins face-off versus Tomas Hertl in neutral zone.
5:28 of 1st period - Shot by Blake Wheeler.
5:28 of 1st period - Shot Misses the Net.
5:42 of 1st period - Shot by Vince Dunn.
5:42 of 1st period - Stopped by Stuart Skinner without a rebound.
5:43 of 1st period - Tage Thompson wins face-off versus Patrick Brown in RENO LIONS zone.
5:44 of 1st period - Shot by Leon Draisaitl.
5:44 of 1st period - Goal by Leon Draisaitl - RENO LIONS : 1 - COLORADO GLACIERCATS : 1.
5:45 of 1st period - Tage Thompson wins face-off versus Nick Bjugstad in neutral zone.
7:06 of 1st period - Shot by Bryan Rust.
7:06 of 1st period - Shot Blocked by Ilya Mikheyev.
7:14 of 1st period - Shot by Blake Wheeler.
7:14 of 1st period - Stopped by Stuart Skinner without a rebound.
7:15 of 1st period - Alexander Wennberg wins face-off versus Steven Stamkos in RENO LIONS zone.
7:45 of 1st period - Shot by Alexander Wennberg.
7:45 of 1st period - Deflect By Nino Niederreiter.
7:45 of 1st period - Stopped by Stuart Skinner without a rebound.
7:46 of 1st period - Marcus Foligno wins face-off versus Tage Thompson in RENO LIONS zone.
7:46 of 1st period - Marcus Foligno is hit by Jamie Benn.
7:49 of 1st period - Nicholas Ritchie is hit by Jamie Benn and loses puck.
7:53 of 1st period - Minor Penalty to Jamie Benn for Roughing.
7:54 of 1st period - Steven Stamkos wins face-off versus Tomas Hertl in COLORADO GLACIERCATS zone.
7:55 of 1st period - Shot by Kirill Kaprizov.
7:55 of 1st period - Stopped by Andrei Vasilevskiy without a rebound.
7:56 of 1st period - Steven Stamkos wins face-off versus Alexander Wennberg in COLORADO GLACIERCATS zone.
8:02 of 1st period - Shot by Steven Stamkos.
8:02 of 1st period - Shot Misses the Net.
8:04 of 1st period - Shot by Steven Stamkos.
8:04 of 1st period - Stopped by Andrei Vasilevskiy without a rebound.
8:05 of 1st period - Steven Stamkos wins face-off versus Sam Lafferty in COLORADO GLACIERCATS zone.
8:10 of 1st period - Shot by Kirill Kaprizov.
8:10 of 1st period - Stopped by Andrei Vasilevskiy without a rebound.
8:11 of 1st period - Tomas Hertl wins face-off versus Steven Stamkos in COLORADO GLACIERCATS zone.
8:11 of 1st period - Tomas Hertl is hit by Kirill Kaprizov.
9:16 of 1st period - Shot by Juuso Valimaki.
9:16 of 1st period - Stopped by Andrei Vasilevskiy without a rebound.
9:17 of 1st period - Tomas Hertl wins face-off versus Nick Bjugstad in COLORADO GLACIERCATS zone.
9:31 of 1st period - Shot by Nick Bjugstad.
9:31 of 1st period - Shot Blocked by Vladislav Gavrikov.
9:37 of 1st period - Shot by Ilya Mikheyev.
9:37 of 1st period - Stopped by Andrei Vasilevskiy with a rebound.
9:39 of 1st period - Shot by Ilya Mikheyev.
9:39 of 1st period - Deflect By Jack Roslovic.
9:39 of 1st period - Stopped by Andrei Vasilevskiy without a rebound.
9:40 of 1st period - Tomas Hertl wins face-off versus Steven Stamkos in COLORADO GLACIERCATS zone.
9:59 of 1st period - Shot by Marcus Foligno.
9:59 of 1st period - Stopped by Andrei Vasilevskiy without a rebound.
10:00 of 1st period - Patrick Brown wins face-off versus Tage Thompson in COLORADO GLACIERCATS zone.
10:00 of 1st period - Marcus Foligno is hit by Kristopher Letang and loses puck.
10:22 of 1st period - Icing by Marcus Foligno.
10:23 of 1st period - Patrick Brown wins face-off versus Tomas Hertl in RENO LIONS zone.
10:33 of 1st period - Shot by Tomas Hertl.
10:33 of 1st period - Stopped by Stuart Skinner with a rebound.
10:52 of 1st period - Minor Penalty to Patrick Brown for Slashing.
10:53 of 1st period - Nick Bjugstad wins face-off versus Tage Thompson in RENO LIONS zone.
11:31 of 1st period - Off-side.
11:32 of 1st period - Kirill Kaprizov wins face-off versus Tomas Hertl in neutral zone.
11:47 of 1st period - Shot by Devon Toews.
11:47 of 1st period - Shot Blocked by Ethan Bear.
11:49 of 1st period - Shot by Vladislav Gavrikov.
11:49 of 1st period - Stopped by Stuart Skinner without a rebound.
11:50 of 1st period - Tomas Hertl wins face-off versus Nick Bjugstad in RENO LIONS zone.
12:01 of 1st period - Shot by Tomas Hertl.
12:01 of 1st period - Shot Blocked by Brady Skjei.
12:03 of 1st period - Shot by Blake Wheeler.
12:03 of 1st period - Stopped by Stuart Skinner without a rebound.
12:04 of 1st period - Tage Thompson wins face-off versus Kirill Kaprizov in RENO LIONS zone.
13:18 of 1st period - Shot by Tomas Hertl.
13:18 of 1st period - Stopped by Stuart Skinner without a rebound.
13:19 of 1st period - Steven Stamkos wins face-off versus Alexander Wennberg in RENO LIONS zone.
13:31 of 1st period - Shot by Alexander Wennberg.
13:31 of 1st period - Shot Misses the Net.
13:35 of 1st period - Shot by Nino Niederreiter.
13:35 of 1st period - Stopped by Stuart Skinner with a rebound.
13:41 of 1st period - Shot by Cole Perfetti.
13:41 of 1st period - Deflect By Nino Niederreiter.
13:41 of 1st period - Stopped by Stuart Skinner without a rebound.
13:42 of 1st period - Tomas Hertl wins face-off versus Nick Bjugstad in RENO LIONS zone.
13:49 of 1st period - Shot by Tomas Hertl.
13:49 of 1st period - Shot Hit the Post.
14:29 of 1st period - Shot by Tomas Hertl.
14:29 of 1st period - Stopped by Stuart Skinner without a rebound.
14:30 of 1st period - Steven Stamkos wins face-off versus Tage Thompson in RENO LIONS zone.
14:30 of 1st period - Steven Stamkos is hit by Jamie Benn.
14:37 of 1st period - Off-side.
14:38 of 1st period - Tage Thompson wins face-off versus Elias Pettersson in neutral zone.
15:05 of 1st period - Shot by Leon Draisaitl.
15:05 of 1st period - Goal by Leon Draisaitl - RENO LIONS : 1 - COLORADO GLACIERCATS : 2.
15:06 of 1st period - Patrick Brown wins face-off versus Tomas Hertl in neutral zone.
15:19 of 1st period - Shot by Oliver Ekman-Larsson.
15:19 of 1st period - Shot Misses the Net.
15:27 of 1st period - Shot by Nicholas Ritchie.
15:27 of 1st period - Shot Blocked by Vladislav Gavrikov.
15:29 of 1st period - Shot by Mattias Samuelsson.
15:29 of 1st period - Shot Misses the Net.
15:31 of 1st period - Shot by Mattias Samuelsson.
15:31 of 1st period - Shot Blocked by Vladislav Gavrikov.
15:45 of 1st period - Shot by Nicholas Ritchie.
15:45 of 1st period - Stopped by Andrei Vasilevskiy with a rebound.
16:00 of 1st period - Steven Stamkos is hit by Vladislav Gavrikov and loses puck.
16:17 of 1st period - Shot by Kirill Kaprizov.
16:17 of 1st period - Stopped by Andrei Vasilevskiy without a rebound.
16:18 of 1st period - Tage Thompson wins face-off versus Nick Bjugstad in COLORADO GLACIERCATS zone.
16:58 of 1st period - Off-side.
16:59 of 1st period - Alexander Wennberg wins face-off versus Steven Stamkos in neutral zone.
17:03 of 1st period - Alexander Wennberg is hit by Brady Skjei and loses puck.
17:27 of 1st period - Shot by Alexander Wennberg.
17:27 of 1st period - Stopped by Stuart Skinner without a rebound.
17:28 of 1st period - Patrick Brown wins face-off versus Adam Ruzicka in RENO LIONS zone.
17:42 of 1st period - Kristopher Letang is hit by Marcus Foligno and loses puck.
18:00 of 1st period - Minor Penalty to Marcus Foligno for Tripping.
18:01 of 1st period - Nick Bjugstad wins face-off versus Tomas Hertl in RENO LIONS zone.
18:16 of 1st period - Shot by Bryan Rust.
18:16 of 1st period - Shot Blocked by Ethan Bear.
18:20 of 1st period - Shot by Blake Wheeler.
18:20 of 1st period - Stopped by Stuart Skinner without a rebound.
18:21 of 1st period - Tage Thompson wins face-off versus Nick Bjugstad in RENO LIONS zone.
18:22 of 1st period - Shot by Leon Draisaitl.
18:22 of 1st period - Shot Misses the Net.
18:34 of 1st period - Shot by Tage Thompson.
18:34 of 1st period - Stopped by Stuart Skinner without a rebound.
18:35 of 1st period - Nick Bjugstad wins face-off versus Tomas Hertl in RENO LIONS zone.
18:35 of 1st period - Nick Bjugstad is hit by Bryan Rust.
Goals for this period are 1 for RENO LIONS vs 2 for COLORADO GLACIERCATS.
Shots for this period are 11 for RENO LIONS vs 17 for COLORADO GLACIERCATS.

2nd period


0:01 of 2nd period - Tage Thompson wins face-off versus Elias Pettersson in neutral zone.
0:23 of 2nd period - Shot by Tage Thompson.
0:23 of 2nd period - Shot Misses the Net.
1:19 of 2nd period - Shot by Ilya Mikheyev.
1:19 of 2nd period - Deflect By Nick Bjugstad.
1:19 of 2nd period - Stopped by Andrei Vasilevskiy without a rebound.
1:20 of 2nd period - Tomas Hertl wins face-off versus Patrick Brown in COLORADO GLACIERCATS zone.
1:20 of 2nd period - Tomas Hertl is hit by Marcus Foligno.
1:35 of 2nd period - Icing by Mario Ferraro.
1:36 of 2nd period - Blake Wheeler wins face-off versus Nick Bjugstad in COLORADO GLACIERCATS zone.
1:38 of 2nd period - Icing by Tomas Hertl.
1:39 of 2nd period - Nick Bjugstad wins face-off versus Blake Wheeler in COLORADO GLACIERCATS zone.
1:40 of 2nd period - Shot by Mattias Samuelsson.
1:40 of 2nd period - Stopped by Andrei Vasilevskiy without a rebound.
1:41 of 2nd period - Steven Stamkos wins face-off versus Tage Thompson in COLORADO GLACIERCATS zone.
2:19 of 2nd period - Shot by Kirill Kaprizov.
2:19 of 2nd period - Shot Blocked by Devon Toews.
2:21 of 2nd period - Shot by Kirill Kaprizov.
2:21 of 2nd period - Shot Misses the Net.
2:23 of 2nd period - Shot by Kirill Kaprizov.
2:23 of 2nd period - Stopped by Andrei Vasilevskiy without a rebound.
2:24 of 2nd period - Nick Bjugstad wins face-off versus Alexander Wennberg in COLORADO GLACIERCATS zone.
2:25 of 2nd period - Shot by Jack Roslovic.
2:25 of 2nd period - Shot Misses the Net.
2:56 of 2nd period - Shot by Alexander Wennberg.
2:56 of 2nd period - Shot Misses the Net.
2:58 of 2nd period - Shot by Vince Dunn.
2:58 of 2nd period - Shot Misses the Net.
3:00 of 2nd period - Shot by Vince Dunn.
3:00 of 2nd period - Shot Misses the Net.
3:08 of 2nd period - Nick Bjugstad is hit by Nino Niederreiter and loses puck.
4:01 of 2nd period - Shot by Elias Pettersson.
4:01 of 2nd period - Deflect By Steven Stamkos.
4:01 of 2nd period - Shot Blocked by Dylan Samberg.
4:03 of 2nd period - Shot by Elias Pettersson.
4:03 of 2nd period - Shot Misses the Net.
4:05 of 2nd period - Shot by Elias Pettersson.
4:05 of 2nd period - Stopped by Andrei Vasilevskiy with a rebound.
4:07 of 2nd period - Shot by Mattias Samuelsson.
4:07 of 2nd period - Shot Misses the Net.
4:09 of 2nd period - Shot by Steven Stamkos.
4:09 of 2nd period - Stopped by Andrei Vasilevskiy without a rebound.
4:10 of 2nd period - Tage Thompson wins face-off versus Patrick Brown in COLORADO GLACIERCATS zone.
4:41 of 2nd period - Shot by Tage Thompson.
4:41 of 2nd period - Stopped by Stuart Skinner without a rebound.
4:42 of 2nd period - Alexander Wennberg wins face-off versus Alex Steeves in RENO LIONS zone.
5:01 of 2nd period - Alexander Wennberg is hit by Alex Steeves and loses puck.
6:38 of 2nd period - Shot by Marcus Foligno.
6:38 of 2nd period - Stopped by Andrei Vasilevskiy with a rebound.
6:48 of 2nd period - Shot by Nicholas Ritchie.
6:48 of 2nd period - Stopped by Andrei Vasilevskiy without a rebound.
6:49 of 2nd period - Nick Bjugstad wins face-off versus Tage Thompson in COLORADO GLACIERCATS zone.
7:20 of 2nd period - Devon Toews is hit by Nick Bjugstad and loses puck.
7:27 of 2nd period - Shot by Ilya Mikheyev.
7:27 of 2nd period - Stopped by Andrei Vasilevskiy with a rebound.
7:29 of 2nd period - Shot by Mattias Samuelsson.
7:29 of 2nd period - Stopped by Andrei Vasilevskiy without a rebound.
7:30 of 2nd period - Steven Stamkos wins face-off versus Tomas Hertl in COLORADO GLACIERCATS zone.
7:35 of 2nd period - Shot by Steven Stamkos.
7:35 of 2nd period - Stopped by Andrei Vasilevskiy without a rebound.
7:36 of 2nd period - Tomas Hertl wins face-off versus Steven Stamkos in COLORADO GLACIERCATS zone.
7:59 of 2nd period - Shot by Elias Pettersson.
7:59 of 2nd period - Shot Misses the Net.
8:01 of 2nd period - Shot by Kirill Kaprizov.
8:01 of 2nd period - Stopped by Andrei Vasilevskiy without a rebound.
8:02 of 2nd period - Patrick Brown wins face-off versus Tage Thompson in COLORADO GLACIERCATS zone.
8:05 of 2nd period - Shot by Marcus Foligno.
8:05 of 2nd period - Stopped by Andrei Vasilevskiy without a rebound.
8:06 of 2nd period - Patrick Brown wins face-off versus Tage Thompson in COLORADO GLACIERCATS zone.
8:13 of 2nd period - Shot by Patrick Brown.
8:13 of 2nd period - Shot Misses the Net.
8:31 of 2nd period - Shot by Tage Thompson.
8:31 of 2nd period - Stopped by Stuart Skinner without a rebound.
8:32 of 2nd period - Tomas Hertl wins face-off versus Steven Stamkos in RENO LIONS zone.
9:04 of 2nd period - Kirill Kaprizov is hit by Dylan Samberg and loses puck.
9:15 of 2nd period - Shot by Steven Stamkos.
9:15 of 2nd period - Stopped by Andrei Vasilevskiy with a rebound.
9:17 of 2nd period - Shot by Elias Pettersson.
9:17 of 2nd period - Shot Blocked by Mario Ferraro.
9:19 of 2nd period - Shot by Elias Pettersson.
9:19 of 2nd period - Stopped by Andrei Vasilevskiy with a rebound.
9:26 of 2nd period - Icing by Mario Ferraro.
9:27 of 2nd period - Tomas Hertl wins face-off versus Nick Bjugstad in COLORADO GLACIERCATS zone.
9:27 of 2nd period - Tomas Hertl is hit by Jack Roslovic.
9:51 of 2nd period - Shot by Tage Thompson.
9:51 of 2nd period - Shot Blocked by Mattias Samuelsson.
10:01 of 2nd period - Shot by Tage Thompson.
10:01 of 2nd period - Stopped by Stuart Skinner without a rebound.
10:02 of 2nd period - Patrick Brown wins face-off versus Alexander Wennberg in RENO LIONS zone.
10:45 of 2nd period - Icing by Juuso Valimaki.
10:46 of 2nd period - Tage Thompson wins face-off versus Patrick Brown in RENO LIONS zone.
11:37 of 2nd period - Shot by Ilya Mikheyev.
11:37 of 2nd period - Deflect By Jack Roslovic.
11:37 of 2nd period - Shot Blocked by Kristopher Letang.
11:39 of 2nd period - Shot by Brady Skjei.
11:39 of 2nd period - Stopped by Andrei Vasilevskiy with a rebound.
12:13 of 2nd period - Shot by Blake Wheeler.
12:13 of 2nd period - Stopped by Stuart Skinner with a rebound.
12:22 of 2nd period - Icing by Mattias Samuelsson.
12:23 of 2nd period - Steven Stamkos wins face-off versus Alexander Wennberg in RENO LIONS zone.
12:28 of 2nd period - Shot by Alexander Wennberg.
12:28 of 2nd period - Shot Misses the Net.
13:19 of 2nd period - Icing by Ethan Bear.
13:20 of 2nd period - Tomas Hertl wins face-off versus Alex Steeves in RENO LIONS zone.
13:23 of 2nd period - Shot by Tomas Hertl.
13:23 of 2nd period - Shot Hit the Post.
13:47 of 2nd period - Shot by Kristopher Letang.
13:47 of 2nd period - Goal by Kristopher Letang - RENO LIONS : 1 - COLORADO GLACIERCATS : 3.
13:48 of 2nd period - Nick Bjugstad wins face-off versus Tage Thompson in neutral zone.
14:00 of 2nd period - Tage Thompson is hit by Nick Bjugstad.
14:34 of 2nd period - Shot by Jamie Benn.
14:34 of 2nd period - Shot Misses the Net.
14:36 of 2nd period - Shot by Vladislav Gavrikov.
14:36 of 2nd period - Stopped by Stuart Skinner without a rebound.
14:37 of 2nd period - Tomas Hertl wins face-off versus Steven Stamkos in RENO LIONS zone.
14:37 of 2nd period - Tomas Hertl is hit by Oliver Ekman-Larsson.
14:41 of 2nd period - Shot by Kristopher Letang.
14:41 of 2nd period - Shot Blocked by Oliver Ekman-Larsson.
14:51 of 2nd period - Tomas Hertl is hit by Oliver Ekman-Larsson and loses puck.
15:15 of 2nd period - Minor Penalty to Oliver Ekman-Larsson for Roughing.
15:16 of 2nd period - Nick Bjugstad wins face-off versus Tage Thompson in RENO LIONS zone.
15:31 of 2nd period - Shot by Tage Thompson.
15:31 of 2nd period - Stopped by Stuart Skinner without a rebound.
15:32 of 2nd period - Nick Bjugstad wins face-off versus Tomas Hertl in RENO LIONS zone.
16:09 of 2nd period - Shot by Tomas Hertl.
16:09 of 2nd period - Shot Misses the Net.
16:11 of 2nd period - Shot by Kristopher Letang.
16:11 of 2nd period - Shot Blocked by Ethan Bear.
16:53 of 2nd period - Shot by Jamie Benn.
16:53 of 2nd period - Shot Misses the Net.
17:43 of 2nd period - Shot by Nino Niederreiter.
17:43 of 2nd period - Shot Blocked by Justin Schultz.
17:45 of 2nd period - Shot by Cole Perfetti.
17:45 of 2nd period - Shot Misses the Net.
17:47 of 2nd period - Shot by Alexander Wennberg.
17:47 of 2nd period - Stopped by Stuart Skinner without a rebound.
17:48 of 2nd period - Adam Ruzicka wins face-off versus Steven Stamkos in RENO LIONS zone.
18:06 of 2nd period - Icing by Ethan Bear.
18:07 of 2nd period - Steven Stamkos wins face-off versus Tomas Hertl in RENO LIONS zone.
19:38 of 2nd period - Shot by Tage Thompson.
19:38 of 2nd period - Shot Misses the Net.
Goals for this period are 0 for RENO LIONS vs 1 for COLORADO GLACIERCATS.
Shots for this period are 15 for RENO LIONS vs 8 for COLORADO GLACIERCATS.

3rd period


0:01 of 3rd period - Tage Thompson wins face-off versus Nick Bjugstad in neutral zone.
0:06 of 3rd period - Shot by Tage Thompson.
0:06 of 3rd period - Shot Misses the Net.
0:08 of 3rd period - Shot by Devon Toews.
0:08 of 3rd period - Stopped by Stuart Skinner without a rebound.
0:09 of 3rd period - Nick Bjugstad wins face-off versus Tage Thompson in RENO LIONS zone.
0:18 of 3rd period - Shot by Ilya Mikheyev.
0:18 of 3rd period - Shot Blocked by Kristopher Letang.
0:34 of 3rd period - Shot by Tage Thompson.
0:34 of 3rd period - Stopped by Stuart Skinner without a rebound.
0:35 of 3rd period - Patrick Brown wins face-off versus Tomas Hertl in RENO LIONS zone.
1:08 of 3rd period - Shot by Marcus Foligno.
1:08 of 3rd period - Shot Misses the Net.
1:18 of 3rd period - Mattias Samuelsson is hit by Blake Wheeler.
1:57 of 3rd period - Shot by Jack Roslovic.
1:57 of 3rd period - Stopped by Andrei Vasilevskiy without a rebound.
1:58 of 3rd period - Steven Stamkos wins face-off versus Alexander Wennberg in COLORADO GLACIERCATS zone.
2:33 of 3rd period - Shot by Alexander Wennberg.
2:33 of 3rd period - Deflect By Nino Niederreiter.
2:33 of 3rd period - Shot Blocked by Juuso Valimaki.
2:35 of 3rd period - Shot by Mario Ferraro.
2:35 of 3rd period - Stopped by Stuart Skinner without a rebound.
2:36 of 3rd period - Nick Bjugstad wins face-off versus Tage Thompson in RENO LIONS zone.
2:36 of 3rd period - Nick Bjugstad is hit by Jamie Benn.
2:54 of 3rd period - Shot by Jamie Benn.
2:54 of 3rd period - Shot Blocked by Brady Skjei.
3:48 of 3rd period - Shot by Bryan Rust.
3:48 of 3rd period - Shot Blocked by Jack Roslovic.
4:25 of 3rd period - Icing by Justin Schultz.
4:26 of 3rd period - Alexander Wennberg wins face-off versus Nick Bjugstad in RENO LIONS zone.
4:41 of 3rd period - Justin Schultz is hit by Alexander Wennberg and loses puck.
5:06 of 3rd period - Shot by Nino Niederreiter.
5:06 of 3rd period - Stopped by Stuart Skinner without a rebound.
5:07 of 3rd period - Elias Pettersson wins face-off versus Tage Thompson in RENO LIONS zone.
5:32 of 3rd period - Shot by Leon Draisaitl.
5:32 of 3rd period - Shot Misses the Net.
5:40 of 3rd period - Shot by Jamie Benn.
5:40 of 3rd period - Stopped by Stuart Skinner without a rebound.
5:41 of 3rd period - Tomas Hertl wins face-off versus Patrick Brown in RENO LIONS zone.
5:44 of 3rd period - Shot by Blake Wheeler.
5:44 of 3rd period - Shot Misses the Net.
5:59 of 3rd period - Icing by Vladislav Gavrikov.
6:00 of 3rd period - Alex Steeves wins face-off versus Bryan Rust in COLORADO GLACIERCATS zone.
6:25 of 3rd period - Shot by Bryan Rust.
6:25 of 3rd period - Shot Blocked by Mattias Samuelsson.
6:48 of 3rd period - Icing by Oliver Ekman-Larsson.
6:49 of 3rd period - Jamie Benn wins face-off versus Alex Steeves in RENO LIONS zone.
6:52 of 3rd period - Shot by Leon Draisaitl.
6:52 of 3rd period - Stopped by Stuart Skinner without a rebound.
6:53 of 3rd period - Patrick Brown wins face-off versus Tage Thompson in RENO LIONS zone.
7:05 of 3rd period - Nicholas Ritchie is hit by Tage Thompson and loses puck.
8:08 of 3rd period - Shot by Elias Pettersson.
8:08 of 3rd period - Goal by Elias Pettersson - RENO LIONS : 2 - COLORADO GLACIERCATS : 3.
8:09 of 3rd period - Alexander Wennberg wins face-off versus Nick Bjugstad in neutral zone.
9:13 of 3rd period - Shot by Bryan Rust.
9:13 of 3rd period - Shot Misses the Net.
9:15 of 3rd period - Shot by Tomas Hertl.
9:15 of 3rd period - Stopped by Stuart Skinner without a rebound.
9:16 of 3rd period - Steven Stamkos wins face-off versus Adam Ruzicka in RENO LIONS zone.
9:16 of 3rd period - Steven Stamkos is hit by Matt Martin.
9:21 of 3rd period - Off-side.
9:22 of 3rd period - Steven Stamkos wins face-off versus Tage Thompson in neutral zone.
9:49 of 3rd period - Shot by Kirill Kaprizov.
9:49 of 3rd period - Stopped by Andrei Vasilevskiy without a rebound.
9:50 of 3rd period - Tomas Hertl wins face-off versus Patrick Brown in COLORADO GLACIERCATS zone.
10:10 of 3rd period - Off-side.
10:11 of 3rd period - Tage Thompson wins face-off versus Steven Stamkos in neutral zone.
10:16 of 3rd period - Shot by Leon Draisaitl.
10:16 of 3rd period - Shot Misses the Net.
10:22 of 3rd period - Shot by Tage Thompson.
10:22 of 3rd period - Shot Misses the Net.
10:24 of 3rd period - Shot by Leon Draisaitl.
10:24 of 3rd period - Goal by Leon Draisaitl - RENO LIONS : 2 - COLORADO GLACIERCATS : 4.
10:25 of 3rd period - Nick Bjugstad wins face-off versus Blake Wheeler in neutral zone.
10:27 of 3rd period - Off-side.
10:28 of 3rd period - Tage Thompson wins face-off versus Steven Stamkos in neutral zone.
10:37 of 3rd period - Shot by Jamie Benn.
10:37 of 3rd period - Stopped by Stuart Skinner without a rebound.
10:38 of 3rd period - Steven Stamkos wins face-off versus Tomas Hertl in RENO LIONS zone.
10:54 of 3rd period - Icing by Mattias Samuelsson.
10:55 of 3rd period - Steven Stamkos wins face-off versus Tage Thompson in RENO LIONS zone.
10:55 of 3rd period - Steven Stamkos is hit by Jamie Benn.
11:19 of 3rd period - Shot by Jamie Benn.
11:19 of 3rd period - Stopped by Stuart Skinner without a rebound.
11:20 of 3rd period - Patrick Brown wins face-off versus Alexander Wennberg in RENO LIONS zone.
11:46 of 3rd period - Shot by Nino Niederreiter.
11:46 of 3rd period - Deflect By Alexander Wennberg.
11:46 of 3rd period - Goal by Alexander Wennberg - RENO LIONS : 2 - COLORADO GLACIERCATS : 5.
11:47 of 3rd period - Steven Stamkos wins face-off versus Tage Thompson in neutral zone.
11:52 of 3rd period - Jamie Benn is hit by Steven Stamkos and loses puck.
12:25 of 3rd period - Shot by Elias Pettersson.
12:25 of 3rd period - Stopped by Andrei Vasilevskiy without a rebound.
12:26 of 3rd period - Tomas Hertl wins face-off versus Patrick Brown in COLORADO GLACIERCATS zone.
12:26 of 3rd period - Devon Toews is hit by Marcus Foligno and loses puck.
12:54 of 3rd period - Minor Penalty to Marcus Foligno for Boarding.
12:55 of 3rd period - Nick Bjugstad wins face-off versus Tage Thompson in RENO LIONS zone.
13:30 of 3rd period - Shot by Devon Toews.
13:30 of 3rd period - Shot Blocked by Nick Bjugstad.
13:36 of 3rd period - Shot by Tage Thompson.
13:36 of 3rd period - Shot Misses the Net.
14:12 of 3rd period - Shot by Vince Dunn.
14:12 of 3rd period - Shot Misses the Net.
14:27 of 3rd period - Icing by Vince Dunn.
14:28 of 3rd period - Tomas Hertl wins face-off versus Nick Bjugstad in COLORADO GLACIERCATS zone.
15:06 of 3rd period - Marian Studenic is hit by Dylan Samberg and loses puck.
15:10 of 3rd period - Icing by Dylan Samberg.
15:11 of 3rd period - Steven Stamkos wins face-off versus Alexander Wennberg in COLORADO GLACIERCATS zone.
15:14 of 3rd period - Shot by Kirill Kaprizov.
15:14 of 3rd period - Stopped by Andrei Vasilevskiy without a rebound.
15:15 of 3rd period - Steven Stamkos wins face-off versus Tage Thompson in COLORADO GLACIERCATS zone.
15:28 of 3rd period - Shot by Kirill Kaprizov.
15:28 of 3rd period - Shot Misses the Net.
15:49 of 3rd period - Kirill Kaprizov is hit by Mario Ferraro and loses puck.
16:17 of 3rd period - Icing by Kristopher Letang.
16:18 of 3rd period - Tomas Hertl wins face-off versus Patrick Brown in COLORADO GLACIERCATS zone.
16:22 of 3rd period - Bryan Rust is hit by Justin Schultz and loses puck.
16:28 of 3rd period - Icing by Justin Schultz.
16:29 of 3rd period - Alexander Wennberg wins face-off versus Patrick Brown in RENO LIONS zone.
17:13 of 3rd period - Icing by Vladislav Gavrikov.
17:14 of 3rd period - Alexander Wennberg wins face-off versus Nick Bjugstad in COLORADO GLACIERCATS zone.
17:39 of 3rd period - Shot by Blake Wheeler.
17:39 of 3rd period - Shot Misses the Net.
17:41 of 3rd period - Shot by Tomas Hertl.
17:41 of 3rd period - Shot Misses the Net.
17:43 of 3rd period - Shot by Devon Toews.
17:43 of 3rd period - Deflect By Tomas Hertl.
17:43 of 3rd period - Shot Misses the Net.
17:45 of 3rd period - Shot by Tomas Hertl.
17:45 of 3rd period - Deflect By Bryan Rust.
17:45 of 3rd period - Stopped by Stuart Skinner without a rebound.
17:46 of 3rd period - Leon Draisaitl wins face-off versus Steven Stamkos in RENO LIONS zone.
18:19 of 3rd period - Shot by Steven Stamkos.
18:19 of 3rd period - Stopped by Andrei Vasilevskiy without a rebound.
18:20 of 3rd period - Nick Bjugstad wins face-off versus Tomas Hertl in COLORADO GLACIERCATS zone.
19:01 of 3rd period - Shot by Bryan Rust.
19:01 of 3rd period - Stopped by Stuart Skinner without a rebound.
19:02 of 3rd period - Patrick Brown wins face-off versus Tage Thompson in RENO LIONS zone.
19:23 of 3rd period - Mattias Samuelsson is hit by Jamie Benn and loses puck.
Goals for this period are 1 for RENO LIONS vs 2 for COLORADO GLACIERCATS.
Shots for this period are 6 for RENO LIONS vs 13 for COLORADO GLACIERCATS.


BLAKE
WHEELER
STEVEN
STAMKOS
DREW
DOUGHTY

EAST COAST

HOCKEY LEAGUE

  • 63.RHI2PIT5
  • 64.WOR4ATL3
  • 65.QUECHW
  • 66.CHATRV